General information
- name: BNet
- type: Ladder team game (AT/RT)
- host: Battle.net
- saver: Drudkh
map: MarketSquare
- players: 8
- length: 61:30
- speed: Fast
- version: 1.26 W3XP
- replay type: Public
» download(303 KB)
Players
team 1 (loser)
Drudkh (
yellow | 102 APM | 6247 actions | 61:30)
9 Archmage
3 Summon Water Elemental
3 Brilliance Aura
1 Mass Teleport
2 Blizzard
» actions
| Assign group hotkey | 116 | |
| Basic commands | 223 | |
| Build / train | 190 | |
| ESC pressed | 24 | |
| Enter build submenu | 64 | |
| Enter hero's abilities submenu | 9 | |
| Give item / drop item | 22 | |
| Right click | 2634 | |
| Select / deselect | 546 | |
| Select group hotkey | 2063 | |
| Use ability | 356 | |
6247 total
» units
| Peasant | 18 | |
| Footman | 5 | |
| Dragonhawk Rider | 8 | |
| Gryphon Rider | 12 | |
43 total
» upgrades
| Masonry | 3 | |
| Swords | 3 | |
| Armor | 3 | |
| Animal War Training | 1 | |
| Storm Hammers | 1 | |
| Cloud | 1 | |
| Lumber Harvesting | 2 | |
| Gunpowder | 4 | |
| Plating | 3 | |
| Flak Cannons | 1 | |
| Flying Machine Bombs | 1 | |
| Fragmentation Shards | 1 | |
| Barrage | 1 | |
| Flare | 1 | |
| Backpack | 1 | |
| Defend | 1 | |
| Long Rifles | 1 | |
29 total
» buildings
| Lumber Mill | 5 | |
| Farm | 12 | |
| Altar of Kings | 1 | |
| Barracks | 1 | |
| Scout Tower | 27 | |
| Guard Tower | 37 | |
| Arcane Vault | 1 | |
| Town Hall | 4 | |
| Keep | 1 | |
| Blacksmith | 1 | |
| Castle | 3 | |
| Gryphon Aviary | 5 | |
| Workshop | 2 | |
100 total
» build order
00:52 Lumber Mill
01:26 Farm
01:30 Farm
01:38 Altar of Kings
01:44 Barracks
01:46 Farm
01:54 Farm
02:12 Scout Tower
03:15 Scout Tower
03:17 Scout Tower
03:19 Scout Tower
03:26 Guard Tower
03:26 Guard Tower
03:26 Guard Tower
03:31 Scout Tower
03:43 Lumber Mill
03:44 Guard Tower
03:44 Guard Tower
03:45 Guard Tower
03:45 Guard Tower
03:45 Guard Tower
03:45 Guard Tower
03:46 Guard Tower
03:46 Guard Tower
03:47 Guard Tower
03:47 Guard Tower
03:48 Guard Tower
03:48 Guard Tower
04:04 Farm
04:06 Guard Tower
04:16 Arcane Vault
05:53 Town Hall
06:13 Town Hall
06:32 Scout Tower
06:34 Scout Tower
06:36 Scout Tower
06:39 Scout Tower
06:40 Scout Tower
06:56 Scout Tower
06:58 Scout Tower
07:00 Scout Tower
07:08 Guard Tower
07:55 Guard Tower
07:56 Guard Tower
07:57 Guard Tower
08:03 Keep
09:03 Scout Tower
09:04 Scout Tower
09:05 Scout Tower
09:09 Blacksmith
09:28 Scout Tower
09:28 Scout Tower
09:31 Scout Tower
10:31 Castle
10:31 Castle
10:32 Guard Tower
10:32 Guard Tower
10:34 Guard Tower
10:40 Gryphon Aviary
10:41 Gryphon Aviary
16:56 Gryphon Aviary
16:57 Gryphon Aviary
17:16 Gryphon Aviary
20:23 Farm
20:23 Farm
21:20 Workshop
21:22 Workshop
23:39 Farm
23:40 Farm
30:29 Farm
30:29 Farm
30:31 Farm
30:34 Scout Tower
30:35 Scout Tower
30:35 Scout Tower
30:36 Scout Tower
31:37 Guard Tower
31:37 Guard Tower
34:04 Town Hall
35:41 Town Hall
36:43 Scout Tower
36:45 Scout Tower
36:46 Scout Tower
36:47 Scout Tower
37:58 Guard Tower
49:16 Lumber Mill
49:30 Lumber Mill
51:30 Lumber Mill
» items
| Scroll of Regeneration | 14 | |
| Periapt of Vitality | 1 | |
| Boots of Speed | 1 | |
| Staff of Teleportation | 1 | |
| Scroll of Town Portal | 4 | |
| Potion of Healing | 3 | |
| Mechanical Critter | 2 | |
| Scroll of Healing | 1 | |
| Staff of Sanctuary | 1 | |
28 total

»
lowelltank (
red | 43 APM | 2314 actions | 53:46)
6 Death Knight
3 Death Coil
1 Death Pact
1 Unholy Aura
1 Animate Dead
» actions
| Build / train | 46 | |
| Enter build submenu | 25 | |
| Enter hero's abilities submenu | 6 | |
| Give item / drop item | 8 | |
| Remove unit from queue | 1 | |
| Right click | 1838 | |
| Select / deselect | 329 | |
| Use ability | 59 | |
2314 total
» units
» upgrades
| Creature Attack | 1 | |
| Creature Carapace | 1 | |
| Cannibalize | 1 | |
3 total
» buildings
| Altar of Darkness | 2 | |
| Graveyard | 3 | |
| Ziggurat | 6 | |
| Crypt | 3 | |
| Spirit Tower | 3 | |
| Necropolis | 2 | |
| Halls of the Dead | 1 | |
20 total
» build order
00:06 Altar of Darkness
00:09 Graveyard
00:11 Graveyard
00:22 Ziggurat
00:53 Altar of Darkness
01:33 Ziggurat
02:06 Crypt
04:30 Crypt
05:27 Spirit Tower
06:12 Ziggurat
07:35 Ziggurat
07:39 Spirit Tower
09:36 Spirit Tower
15:41 Necropolis
18:57 Necropolis
23:45 Crypt
23:51 Ziggurat
23:56 Ziggurat
31:50 Graveyard
35:18 Halls of the Dead
» items
| Potion of Healing | 1 | |
| Potion of Lesser Invulnerability | 1 | |
| Staff of Teleportation | 1 | |
| Periapt of Vitality | 1 | |
4 total
euriko (
blue | 24 APM | 1497 actions | 61:30)
5 Mountain King
3 Storm Bolt
2 Thunder Clap
» actions
| Assign group hotkey | 28 | |
| Basic commands | 115 | |
| Build / train | 82 | |
| Enter build submenu | 30 | |
| Enter hero's abilities submenu | 5 | |
| Right click | 707 | |
| Select / deselect | 405 | |
| Select group hotkey | 66 | |
| Use ability | 56 | |
1497 total
» units
| Peasant | 13 | |
| Footman | 3 | |
| Rifleman | 15 | |
| Gryphon Rider | 21 | |
52 total
» upgrades
| Plating | 1 | |
| Gunpowder | 1 | |
| Masonry | 1 | |
| Long Rifles | 1 | |
| Storm Hammers | 1 | |
| Swords | 1 | |
6 total
» buildings
| Farm | 11 | |
| Altar of Kings | 1 | |
| Barracks | 1 | |
| Blacksmith | 1 | |
| Arcane Vault | 1 | |
| Scout Tower | 10 | |
| Arcane Tower | 2 | |
| Lumber Mill | 1 | |
| Guard Tower | 6 | |
| Keep | 1 | |
| Castle | 1 | |
| Gryphon Aviary | 2 | |
38 total
» build order
00:06 Farm
00:10 Altar of Kings
00:18 Farm
01:13 Barracks
01:45 Farm
02:25 Blacksmith
02:28 Farm
02:51 Arcane Vault
02:58 Scout Tower
03:25 Farm
04:02 Farm
04:16 Scout Tower
04:17 Arcane Tower
04:20 Farm
04:42 Scout Tower
04:56 Farm
05:30 Lumber Mill
05:39 Arcane Tower
05:50 Farm
06:16 Scout Tower
06:31 Guard Tower
06:35 Scout Tower
06:50 Scout Tower
06:52 Guard Tower
07:38 Guard Tower
08:54 Keep
11:31 Castle
12:13 Gryphon Aviary
12:16 Gryphon Aviary
13:40 Farm
13:44 Farm
20:23 Scout Tower
21:52 Guard Tower
21:53 Guard Tower
21:57 Scout Tower
22:02 Scout Tower
22:04 Scout Tower
22:56 Guard Tower
» items
| Scroll of Regeneration | 4 | |
| Mechanical Critter | 1 | |
| Boots of Speed | 1 | |
| Potion of Healing | 1 | |
| Orb of Fire | 1 | |
8 total
team 2 (winner)
glareof1975 (
green | 50 APM | 3057 actions | 61:29)
8 Archmage
3 Summon Water Elemental
3 Brilliance Aura
1 Mass Teleport
1 Blizzard
1 Blood Mage
1 Banish
» actions
| Assign group hotkey | 158 | |
| Basic commands | 54 | |
| Build / train | 91 | |
| Enter build submenu | 24 | |
| Enter hero's abilities submenu | 10 | |
| Give item / drop item | 17 | |
| Right click | 1086 | |
| Select / deselect | 349 | |
| Select group hotkey | 1130 | |
| Use ability | 138 | |
3057 total
» units
| Peasant | 21 | |
| Footman | 5 | |
| Gryphon Rider | 8 | |
34 total
» upgrades
| Masonry | 3 | |
| Lumber Harvesting | 2 | |
| Swords | 3 | |
| Animal War Training | 1 | |
| Armor | 3 | |
| Storm Hammers | 1 | |
| Cloud | 1 | |
14 total
» buildings
| Barracks | 1 | |
| Altar of Kings | 1 | |
| Farm | 9 | |
| Town Hall | 4 | |
| Lumber Mill | 3 | |
| Arcane Vault | 1 | |
| Keep | 1 | |
| Blacksmith | 1 | |
| Castle | 1 | |
| Gryphon Aviary | 4 | |
| Scout Tower | 12 | |
| Guard Tower | 7 | |
45 total
» build order
00:17 Barracks
00:21 Altar of Kings
00:52 Farm
01:10 Farm
01:38 Farm
02:49 Farm
03:51 Town Hall
03:54 Lumber Mill
04:01 Lumber Mill
04:14 Arcane Vault
05:14 Keep
06:05 Blacksmith
06:50 Farm
06:51 Farm
06:53 Farm
06:53 Farm
07:42 Castle
07:47 Gryphon Aviary
07:48 Gryphon Aviary
08:50 Gryphon Aviary
09:53 Farm
10:36 Scout Tower
10:36 Scout Tower
10:37 Scout Tower
10:38 Scout Tower
10:39 Scout Tower
12:29 Guard Tower
13:17 Gryphon Aviary
14:25 Town Hall
14:28 Scout Tower
14:29 Scout Tower
14:29 Scout Tower
15:34 Guard Tower
17:30 Guard Tower
18:17 Town Hall
19:31 Scout Tower
19:31 Scout Tower
19:33 Scout Tower
19:33 Scout Tower
20:06 Guard Tower
20:31 Guard Tower
20:34 Guard Tower
20:34 Guard Tower
33:42 Town Hall
49:45 Lumber Mill
» items
| Scroll of Regeneration | 2 | |
| Tome of Retraining | 1 | |
| Staff of Teleportation | 1 | |
| Potion of Lesser Invulnerability | 1 | |
| Mechanical Critter | 7 | |
12 total
jesusisgay (
orange | 28 APM | 546 actions | 19:37)
2 Blood Mage
1 Flame Strike
1 Banish
» actions
| Build / train | 49 | |
| Enter build submenu | 35 | |
| Enter hero's abilities submenu | 2 | |
| Right click | 190 | |
| Select / deselect | 221 | |
| Use ability | 49 | |
546 total
» units
» upgrades
» buildings
| Lumber Mill | 1 | |
| Scout Tower | 18 | |
| Guard Tower | 10 | |
| Arcane Tower | 4 | |
| Farm | 9 | |
| Altar of Kings | 1 | |
| Barracks | 2 | |
| Blacksmith | 1 | |
| Arcane Vault | 1 | |
| Town Hall | 1 | |
| Keep | 1 | |
49 total
» build order
00:08 Lumber Mill
01:07 Scout Tower
01:11 Scout Tower
01:14 Scout Tower
01:35 Guard Tower
01:38 Guard Tower
01:42 Guard Tower
01:45 Scout Tower
01:49 Scout Tower
01:54 Scout Tower
02:17 Arcane Tower
02:19 Guard Tower
02:43 Guard Tower
02:52 Farm
03:44 Altar of Kings
03:47 Scout Tower
03:57 Scout Tower
04:13 Guard Tower
04:15 Scout Tower
04:33 Guard Tower
04:37 Scout Tower
04:51 Arcane Tower
04:59 Farm
05:20 Guard Tower
07:10 Barracks
07:15 Barracks
07:17 Blacksmith
07:23 Farm
07:52 Arcane Vault
08:04 Farm
08:18 Farm
08:38 Farm
08:41 Farm
09:28 Farm
09:31 Farm
13:52 Town Hall
16:04 Scout Tower
16:06 Scout Tower
18:00 Keep
18:12 Guard Tower
18:14 Scout Tower
18:16 Scout Tower
18:45 Guard Tower
18:47 Scout Tower
18:49 Scout Tower
19:17 Arcane Tower
19:19 Arcane Tower
19:22 Scout Tower
19:23 Scout Tower

»
jams (
purple | 66 APM | 3047 actions | 46:21)
6 Mountain King
3 Storm Bolt
2 Bash
1 Avatar
3 Paladin
2 Holy Light
1 Devotion Aura
1 Blood Mage
1 Flame Strike
» actions
| Assign group hotkey | 49 | |
| Basic commands | 122 | |
| Build / train | 119 | |
| ESC pressed | 2 | |
| Enter build submenu | 34 | |
| Enter hero's abilities submenu | 10 | |
| Give item / drop item | 2 | |
| Right click | 1059 | |
| Select / deselect | 684 | |
| Select group hotkey | 886 | |
| Use ability | 79 | |
3047 total
» units
| Peasant | 19 | |
| Footman | 7 | |
| Rifleman | 64 | |
90 total
» upgrades
| Defend | 1 | |
| Gunpowder | 5 | |
| Armor | 2 | |
| Long Rifles | 1 | |
9 total
» buildings
| Farm | 24 | |
| Barracks | 2 | |
| Altar of Kings | 1 | |
| Arcane Vault | 2 | |
| Blacksmith | 3 | |
| Lumber Mill | 1 | |
| Keep | 1 | |
| Castle | 2 | |
| Workshop | 2 | |
38 total
» build order
00:43 Farm
00:47 Barracks
00:51 Altar of Kings
01:26 Farm
02:03 Farm
02:14 Arcane Vault
02:28 Blacksmith
02:54 Farm
03:02 Farm
03:22 Lumber Mill
03:53 Barracks
04:16 Blacksmith
04:17 Blacksmith
04:33 Farm
08:30 Farm
08:31 Farm
08:35 Farm
08:40 Keep
10:29 Farm
13:47 Arcane Vault
16:13 Farm
16:14 Farm
16:16 Farm
19:28 Castle
22:59 Farm
23:01 Farm
27:30 Farm
27:31 Farm
33:28 Castle
36:36 Farm
36:36 Farm
36:37 Farm
36:37 Farm
36:38 Farm
36:38 Farm
36:39 Farm
38:19 Workshop
39:32 Workshop
» items
| Scroll of Regeneration | 1 | |
| Scroll of Town Portal | 3 | |
4 total
dbz-Chris138 (
pink | 28 APM | 1710 actions | 61:30)
5 Death Knight
2 Death Coil
2 Unholy Aura
1 Death Pact
» actions
| Assign group hotkey | 1 | |
| Basic commands | 43 | |
| Build / train | 65 | |
| ESC pressed | 1 | |
| Enter build submenu | 34 | |
| Enter hero's abilities submenu | 4 | |
| Give item / drop item | 1 | |
| Right click | 1234 | |
| Select / deselect | 283 | |
| Use ability | 44 | |
1710 total
» units
| Acolyte | 12 | |
| Ghoul | 4 | |
| Crypt Fiend | 28 | |
| Frost Wyrm | 7 | |
51 total
» upgrades
» buildings
| Altar of Darkness | 1 | |
| Ziggurat | 17 | |
| Graveyard | 1 | |
| Crypt | 1 | |
| Nerubian Tower | 1 | |
| Spirit Tower | 3 | |
| Halls of the Dead | 1 | |
| Tomb of Relics | 1 | |
| Black Citadel | 1 | |
| Sacrificial Pit | 1 | |
| Boneyard | 3 | |
| Necropolis | 2 | |
33 total
» build order
00:18 Altar of Darkness
00:22 Ziggurat
00:51 Graveyard
01:37 Crypt
01:43 Ziggurat
01:48 Ziggurat
02:03 Nerubian Tower
03:04 Spirit Tower
05:03 Halls of the Dead
05:23 Ziggurat
05:36 Tomb of Relics
10:12 Black Citadel
10:17 Sacrificial Pit
10:20 Spirit Tower
12:45 Boneyard
12:48 Boneyard
12:51 Boneyard
14:03 Ziggurat
14:06 Ziggurat
14:09 Ziggurat
14:11 Ziggurat
14:15 Ziggurat
14:20 Ziggurat
14:22 Ziggurat
17:28 Necropolis
20:02 Necropolis
24:34 Spirit Tower
30:56 Ziggurat
30:58 Ziggurat
30:59 Ziggurat
31:03 Ziggurat
31:06 Ziggurat
31:08 Ziggurat
Chat log
(00:08 / All) Drudkh: Market Square first game? This must be my lucky day
(00:26 / Allies) euriko: STAY
(00:27 / All) glareof1975: god
(00:27 / All) Drudkh: Fuckin' leaving scum
(00:29 / Allies) Drudkh: I call him as an expo
(00:33 / Allies) euriko: ok
(00:37 / All) jesusisgay: sissies
(00:44 / Allies) lowelltank: 100 gold?
(00:49 / All) Drudkh: The only sissy here will be you once I'm through with you, orange
(00:53 / Allies) euriko: same pls
(00:54 / All) jesusisgay: dsada
(00:56 / All) jesusisgay: hahaa
(00:57 / All) jesusisgay: pussy
(01:06 / All) dbz-Chris138: Lol?
(01:09 / Allies) euriko: first time playing human so sorry if im a tad slow
(01:29 / All) jesusisgay: love gayboy33
(01:49 / Allies) lowelltank: hgahahahhaha
(01:50 / Allies) lowelltank: fuck
(01:57 / Allies) lowelltank: I fucked up
(02:14 / Allies) lowelltank: pressed v instead of c on hot keys
(02:25 / Allies) Drudkh: I said teal was my expo
(02:32 / All) jesusisgay: a little help people?
(05:15 / Allies) lowelltank: so im pretty fucked now
(05:25 / Allies) Drudkh: Yeah since your dumbass couldn't handle a poor tower rush
(05:56 / Allies) lowelltank: there's actually three people here
(06:04 / Allies) Drudkh: Yep and we shouldn't have to babysit you
(08:35 / Allies) euriko: where 2 yel
(08:43 / Allies) Drudkh: Let's try to help red's dumbass
(09:00 / Allies) euriko: k
(11:34 / All) Drudkh: wtf was that banish for?
(11:43 / All) Drudkh: and why the fuck do you have banish if you aren't going gryphons
(12:19 / All) jesusisgay: shut up yellow noob
(12:28 / All) Drudkh: How about you shut up, sissy bitch?
(12:37 / All) jesusisgay: shut up bitch boy
(12:47 / All) Drudkh: Are you repeating insults I use now you uncreative fuck?
(12:58 / All) jesusisgay: your mother is a whore ?
(13:07 / Allies) lowelltank: at least it took them a very long time to take the base
(13:08 / All) dbz-Chris138: u guys argue like a couple o.O
(13:10 / All) Drudkh: Wow "your mom" jokes now, we have a real comedian here
(13:14 / All) Drudkh: What a fucking dumbass
(13:18 / All) Drudkh: You're gonna eat my shit orange
(13:21 / All) Drudkh: Get ready for the taste
(13:57 / All) Drudkh: Why the fuck are you whispering me?
(13:59 / Allies) lowelltank: blue?
(14:01 / All) Drudkh: The all chat is right fucking here you dumbass
(14:08 / Allies) euriko: ?
(14:14 / Allies) lowelltank: take
(14:17 / All) jesusisgay: drudkh is crying
(14:18 / All) Drudkh: He says he squelched me I think
(14:21 / All) jesusisgay: because is squelched him
(14:21 / All) Drudkh: He probably just can't take it
(14:22 / All) jesusisgay: haha ^^
(14:39 / All) jesusisgay: hhe is such a faggot
(14:52 / All) Drudkh: Yeah and you can dish it but can't take it
(14:57 / All) jesusisgay: drud is a ladyboy XD
(15:06 / Allies) euriko: u want dis red
(15:45 / All) jesusisgay: is drud still crying ?
(15:54 / All) jesusisgay: he is so stupid -.- he doesnt understand squelch
(16:00 / All) jesusisgay: his mother is probably raping him right now XD
(16:14 / All) Drudkh: "his mother is probably raping him right now" what the fuck kind of insult even is that lawl
(16:37 / All) jesusisgay: haha yellow
(16:38 / All) jesusisgay: HAHAHA
(16:40 / All) Drudkh: I got level 3
(17:01 / Allies) Drudkh: wood
(17:02 / Allies) euriko: dol we attack yellow?
(17:07 / Allies) Drudkh: Yes wood me
(17:13 / Allies) Drudkh: ty
(17:17 / Allies) Drudkh: let's hit orange
(17:48 / All) Drudkh: rifles without tp lol
(17:51 / All) Drudkh: Check this shit out
(18:04 / All) jesusisgay: damn i just came
(18:05 / Allies) Drudkh: let's go
(18:09 / All) jesusisgay: inside your faggot mother ^^
(19:05 / All) Drudkh: lol
(19:33 / All) Drudkh: sick towers
(19:39 / All) Drudkh: lol
(19:41 / All) Drudkh: He gives up that easy
(20:25 / Allies) lowelltank: got green coming towards SE
(21:33 / Allies) euriko: fuck
(21:52 / All) dbz-Chris138: ah nah nigga
(22:01 / All) Drudkh: Aha mah nigga I didn't lose 1 gold
(22:06 / All) Drudkh: You lost 350 plus 4 acolytes
(22:22 / All) dbz-Chris138: more like 4 acolytes
(22:23 / All) dbz-Chris138: :P
(22:26 / All) Drudkh: What?
(22:29 / All) Drudkh: I just said 4 acolytes
(22:33 / Allies) lowelltank: any resources?
(22:33 / All) Drudkh: What the fuck are you talking about you dumb faggot?
(22:39 / All) Drudkh: Can you read you stupid shit?
(22:41 / Allies) lowelltank: could build....something
(22:42 / Allies) euriko: gold me
(22:47 / All) dbz-Chris138: nah i dont speak nigger.
(22:56 / Allies) lowelltank: ty
(23:01 / All) Drudkh: There's one nigger and that's you, bitch
(23:07 / All) Drudkh: Nice wyrms, wyrmbot
(23:12 / All) Drudkh: Fucking retard
(23:30 / All) Drudkh: When people call a player trash they mean you
(23:48 / All) dbz-Chris138: and when people say u like shit up the ass im sure they talking to u
(23:58 / All) Drudkh: Maybe in your own mind if it helps you feel better
(23:59 / All) Drudkh: Ping bitch
(24:02 / All) Drudkh: Ping
(24:03 / All) Drudkh: Ping
(24:05 / All) Drudkh: No one will help you pal
(24:08 / All) Drudkh: You're dead man
(24:10 / All) Drudkh: You're meat buddy
(24:11 / All) dbz-Chris138: lol
(24:12 / All) Drudkh: Get the fuck out
(24:12 / All) Drudkh: Leave
(24:17 / All) Drudkh: F10
(24:18 / All) Drudkh: and get out
(24:18 / All) dbz-Chris138: fuck that
(24:20 / All) dbz-Chris138: :P
(24:39 / All) dbz-Chris138: turn that mh off
(24:40 / All) Drudkh: I'm level 9 thanks for the free XP pink
(24:40 / All) dbz-Chris138: nigger
(24:54 / All) Drudkh: I'd beat you eyes closed but I don't think you're worth the effort so I keep mine open
(25:07 / All) dbz-Chris138: O.o
(25:11 / All) dbz-Chris138: what clan u in?
(25:13 / All) dbz-Chris138: i wana spam it
(25:29 / All) Drudkh: I'm in no clan but my own group, pal
(25:35 / All) Drudkh: We have no channel for the likes of you
(25:41 / All) dbz-Chris138: ^^
(25:44 / All) dbz-Chris138: i'll find ya
(25:48 / All) dbz-Chris138: i got a nice spam bot for u
(26:00 / All) Drudkh: No you don't
(26:05 / All) dbz-Chris138: wana bet
(26:07 / All) Drudkh: Shut the fuck up you wouldn't even be a good script kiddie
(26:08 / All) Drudkh: Yes I do
(26:22 / All) dbz-Chris138: 10k cdkeys says ur wrong
(26:24 / All) dbz-Chris138: :P
(26:41 / All) Drudkh: 10k cdkeys says you should shut the fuck up and try playing the game because I want a challenge
(26:49 / All) dbz-Chris138: LOL
(26:52 / All) dbz-Chris138: u said u wana bet
(26:56 / All) dbz-Chris138: i bet 10k cdkeys
(26:58 / All) dbz-Chris138: that i have a spammer
(27:00 / All) dbz-Chris138: :)
(27:19 / All) Drudkh: I bet 10k cdkeys you couldn't do shit if you wanted to
(27:31 / All) dbz-Chris138: Ohhhh make it easy
(27:35 / All) dbz-Chris138: give me ur ip address <3
(27:42 / All) Drudkh: hang on let me get it
(27:44 / All) dbz-Chris138: KK
(27:59 / All) Drudkh: 192.168.1.72
(28:02 / All) Drudkh: Get going
(28:15 / All) Drudkh: Fire up your script kiddie scripts and purchase a botnet on hackforums
(28:23 / All) euriko: TOO BLIND TO LIVE AND TOO YOUNG TO DIE
(28:24 / All) dbz-Chris138: repeat that a few more times for me?
(28:25 / All) dbz-Chris138: :P
(28:34 / All) euriko: GET TOO HARD WHEN YOUR GROWN MANS GUY
(28:37 / All) Drudkh: Can your dumbass not even check the F12 chatlog and you think you can hack me?
(28:40 / All) Drudkh: Jesus Christ
(28:49 / All) dbz-Chris138: i prefer not to
(28:52 / All) dbz-Chris138: /effort
(28:53 / All) dbz-Chris138: :P
(28:59 / All) Drudkh: lol
(29:02 / All) Drudkh: sure, sport
(30:01 / All) Drudkh: tp
(30:02 / All) Drudkh: tp faggot
(30:05 / All) Drudkh: purple
(30:06 / All) Drudkh: tp buddy!
(30:10 / All) Drudkh: hey look who is at your base!
(30:12 / All) Drudkh: tp buddy!
(30:13 / All) Drudkh: tp!
(30:13 / All) Drudkh: tp!
(30:15 / All) Drudkh: tp!
(30:35 / All) dbz-Chris138: holy shit green
(30:36 / All) dbz-Chris138: wow
(30:38 / All) dbz-Chris138: 21k gold
(30:42 / All) dbz-Chris138: Look at that
(31:52 / All) Drudkh: absolute holocaust
(31:53 / All) jams: green has fucking autism
(32:03 / All) Drudkh: if anyone has autism it's you since you're a retard
(32:08 / All) euriko: nah greens the kinda guy that likes to watch
(32:11 / All) jams: green your units were sitting right there
(32:15 / All) jams: u didnt do anything
(32:16 / All) dbz-Chris138: lol
(32:17 / All) Drudkh: no they were active
(32:19 / All) Drudkh: they were killing yours
(32:36 / All) euriko: hahah
(32:36 / All) jams: wtf
(32:41 / All) Drudkh: lol
(32:43 / All) lowelltank: hahaha
(33:18 / All) lowelltank: susan boyle of wc3
(33:38 / All) euriko: green knows that when the time comes
(33:42 / All) euriko: he can sway the game
(34:40 / All) glareof1975: rez ur hero purp
(35:01 / All) glareof1975: the tavern
(35:02 / All) glareof1975: retard
(35:21 / All) glareof1975: u 2 pink
(35:28 / All) glareof1975: click on the tavern purp and rez ur hero
(35:31 / All) glareof1975: for christ sakes
(35:46 / All) glareof1975: flip a coin
(36:04 / All) Drudkh: Sorry pal, you may not have food to resurrect that hero by now
(36:24 / Allies) euriko: yellow if u share control would it alow me to res my hero with your peon?
(36:35 / Allies) Drudkh: yes if I let you
(36:36 / All) glareof1975: gay ass red took ur items
(36:39 / Allies) euriko: ah
(36:43 / Allies) euriko: i see
(37:05 / All) Drudkh: oh was that yours or purple's I wasn't paying attention
(37:09 / Allies) lowelltank: green left some bitching items man
(37:12 / Allies) lowelltank: can't get over it
(37:20 / Allies) Drudkh: those were for me
(37:24 / Allies) Drudkh: drop them or I kill everything you have and make us lose
(37:29 / Allies) lowelltank: you can take gold
(37:31 / Allies) lowelltank: ok
(37:32 / Allies) Drudkh: drop the items
(37:34 / Allies) Drudkh: drop the items
(37:35 / Allies) Drudkh: drop the items
(37:36 / Allies) Drudkh: or you die
(37:40 / Allies) euriko: lemme res mah hero
(37:41 / Allies) euriko: !
(37:46 / Allies) Drudkh: ty
(37:47 / Allies) Drudkh: good work red
(38:03 / Allies) lowelltank: my bad i thought he was a raging alcoholic
(38:07 / All) glareof1975: wut do we do?
(38:12 / All) glareof1975: get siege orange
(38:31 / All) Drudkh: LOL
(38:33 / All) Drudkh: god dammit flamechamp
(38:35 / All) Drudkh: so close there
(38:40 / All) glareof1975: wut
(38:50 / All) Drudkh: red's dk walked right by you
(38:54 / All) Drudkh: I got it with mass tp though so no problem
(40:02 / All) dbz-Chris138: fuck u and ur mh yellow
(40:06 / All) dbz-Chris138: went straight for my shit
(40:23 / All) Drudkh: lawl
(40:42 / All) glareof1975: u like dragonball zpink?
(41:01 / All) glareof1975: wuts ur fav dbz episode
(41:03 / All) glareof1975: if u had to pick
(41:23 / All) dbz-Chris138: i'd say goku ssj3 vs buu
(41:33 / All) euriko: when virginia finally gets the energy to use hadoken
(41:48 / All) Drudkh: nice bm
(41:59 / All) dbz-Chris138: ye those were good.
(43:25 / All) glareof1975: have any of u bought off of just launched profiles on amazon
(43:59 / All) jams: wtf
(44:57 / All) glareof1975: yes
(45:07 / All) glareof1975: all the way to top
(45:08 / All) glareof1975: k?
(45:10 / All) glareof1975: top tavern
(45:14 / All) glareof1975: someone do a countdown to 3
(45:20 / All) dbz-Chris138: :P
(45:22 / All) euriko: 2
(45:23 / All) euriko: 1
(45:26 / All) euriko: -1
(45:27 / All) euriko: -2
(45:28 / All) euriko: 0
(46:03 / All) dbz-Chris138: WIN!
(47:55 / All) dbz-Chris138: hero fight?!
(47:57 / All) dbz-Chris138: O.o
(47:59 / All) glareof1975: i wonder if
(48:04 / All) glareof1975: pink will stay
(48:14 / All) dbz-Chris138: im bored and drunk
(48:16 / All) dbz-Chris138: sure why not
(48:18 / All) dbz-Chris138: :P
(48:32 / All) glareof1975: would u be willing to leave ur computer on all night
(48:33 / All) glareof1975: sir
(48:39 / All) Drudkh: oh shit
(48:44 / All) Drudkh: I left 3 peons on my expo at teal all game
(48:45 / All) dbz-Chris138: eh its usaully on all night anyways
(48:47 / All) dbz-Chris138: :P
(48:49 / All) Drudkh: I was wondering why it wasn't mined out
(49:00 / All) glareof1975: really
(49:08 / All) Drudkh: yes lawl
(49:10 / All) dbz-Chris138: o.O
(49:11 / All) Drudkh: let's make mills at bot left expo
(49:21 / All) glareof1975: aight
(49:34 / All) glareof1975: red and blue ar eu here
(49:37 / All) glareof1975: or afk
(49:43 / All) euriko: smoking a blunt
(49:44 / All) dbz-Chris138: HI BLUE
(49:49 / All) euriko: hi
(49:49 / All) glareof1975: ok listen up
(49:50 / All) dbz-Chris138: u gona share?
(49:53 / All) euriko: no
(49:54 / All) dbz-Chris138: ;p
(49:57 / All) glareof1975: yellow and i are friends, this game was rigged
(49:58 / All) dbz-Chris138: Dick move :(
(50:00 / All) glareof1975: u still have a chance to win
(50:03 / All) euriko: oh
(50:08 / All) glareof1975: we're gonna kill all units then leave the game
(50:09 / All) dbz-Chris138: Oh i figured that lmao
(50:13 / All) glareof1975: person with best internet connection wins
(50:18 / All) Drudkh: You have equal chances at winning
(50:22 / All) dbz-Chris138: LOL
(50:22 / All) euriko: YEAAHH I GOT FIOS
(50:27 / All) dbz-Chris138: Same shit
(50:29 / All) dbz-Chris138: LOL
(50:32 / All) glareof1975: if u guys are still online tomorrow
(50:34 / All) glareof1975: we'll whisper u
(50:35 / All) dbz-Chris138: fios vs fios
(50:40 / All) glareof1975: ull proabably be afk tho
(50:45 / All) euriko: ha wait
(50:47 / All) dbz-Chris138: i got 15 bots
(50:48 / All) euriko: so youre saying
(50:50 / All) dbz-Chris138: i can do w/e
(50:51 / All) glareof1975: longest game we seen was 15 hours long
(50:51 / All) dbz-Chris138: :P
(50:53 / All) glareof1975: Try to double it1
(50:53 / All) Drudkh: If you duke it out for days I shall apologise for any shit talk this game and thank you both forever
(50:54 / All) euriko: is planned to lasty
(50:56 / All) euriko: all night
(51:03 / All) dbz-Chris138: i got this
(51:04 / All) dbz-Chris138: aha
(51:10 / All) dbz-Chris138: i have a few bots
(51:12 / All) glareof1975: if you guys make the game last over 24 hours ill post pics of my sister if u want
(51:15 / All) dbz-Chris138: i can chat all night
(51:25 / All) dbz-Chris138: idc bout ur sis :P
(51:26 / All) euriko: yeah its nbd , i'll just use my laptop
(51:32 / All) glareof1975: me either lolz
(51:36 / All) glareof1975: um
(51:37 / All) euriko: but i guess i need to make a new acc
(52:09 / All) Drudkh: oops killed my peasant there
(52:17 / All) dbz-Chris138: :P
(52:30 / All) glareof1975: i wonder whose fios connection will win
(52:34 / All) glareof1975: guess we'll find out
(52:41 / All) dbz-Chris138: prolly me i got a 4 day uptime anyways
(52:45 / All) glareof1975: nice
(52:48 / All) euriko: dang
(52:53 / All) glareof1975: dont let us down u 2, we're hoping this game lasts
(52:55 / All) euriko: i just know mines fios
(52:56 / All) dbz-Chris138: i dont turn my comp off
(52:56 / All) glareof1975: 48 hours
(53:06 / All) dbz-Chris138: Lol
(53:07 / All) glareof1975: according to someone i know he said a game lasted 2 weeks
(53:10 / All) glareof1975: i think he is full of shit tho
(53:16 / All) dbz-Chris138: Eh
(53:19 / All) dbz-Chris138: its a win ill do it
(53:21 / All) dbz-Chris138: ^^
(53:26 / All) Drudkh: almost forgot 3 farms
(53:40 / All) euriko: nah but really im just going to leave here in a sec lol
(53:50 / All) glareof1975: u gonna leave wc3 on?
(53:56 / All) Drudkh: I gave you 20k blue
(54:11 / All) euriko: cool
(54:12 / All) euriko: lol
(54:16 / All) euriko: i have no units
(54:19 / All) euriko: but anyway
(54:21 / All) euriko: i mean leave
(54:25 / All) euriko: the game
(54:27 / All) glareof1975: wut
(54:30 / All) glareof1975: dont let us down
(54:31 / All) Drudkh: Why would you do that
(54:34 / All) Drudkh: you can still win this for us
(54:34 / All) glareof1975: u gave us ur word
(54:38 / All) euriko: let me res me hero
(54:40 / All) dbz-Chris138: blue camman
(54:42 / All) dbz-Chris138: :(
(54:47 / All) Drudkh: you have no food
(54:48 / All) dbz-Chris138: chill with me
(54:51 / All) Drudkh: you couldn't res it if I let you
(54:51 / All) dbz-Chris138: i wana see this
(54:56 / All) euriko: dang youre right
(55:01 / All) Drudkh: Sorry pink, it looks like we may have to kill your side if he leaves
(55:04 / All) glareof1975: be a pal blue and leave ur computer on all night
(55:13 / All) euriko: well chaps
(55:19 / All) glareof1975: do a good deed
(55:20 / All) euriko: its been real
(55:25 / All) Drudkh: God dammit blue
(55:25 / All) euriko: real gay
(55:29 / All) Drudkh: lol
(55:32 / All) dbz-Chris138: :o
(55:47 / All) euriko: like ive been having gay dreams of everybody in here
(56:03 / All) glareof1975: anybody see that russel crowe movie
(56:06 / All) glareof1975: master and commander
(56:18 / All) dbz-Chris138: Nope i should check it out
(56:22 / All) dbz-Chris138: his movie gladiator was good.
(56:29 / All) euriko: yellow give me control , so i can stroll along the streets with a peon
(56:30 / All) glareof1975: aye
(56:38 / All) Drudkh: I'm the only one in control
(56:43 / All) glareof1975: blue what if yellow lets u control a critter
(56:48 / All) euriko: thats cool
(56:52 / All) Drudkh: Yeah would that be enough for you?
(56:55 / All) Drudkh: You could have your own dog
(56:59 / All) euriko: it could be
(57:18 / All) Drudkh: You going to leave or not blue?
(57:25 / All) Drudkh: or will you duke it out all night for us with pink?
(57:28 / All) euriko: depends how great this dog is
(57:35 / All) euriko: also
(57:40 / All) euriko: if this dogs real good
(57:44 / All) dbz-Chris138: lets duke et out ^.^
(57:45 / All) euriko: like realllll good
(57:52 / All) dbz-Chris138: im willing to place paypall bets
(57:53 / All) dbz-Chris138: !
(58:00 / All) euriko: like reallyyy good
(58:01 / All) dbz-Chris138: make shit interesting
(58:15 / All) Drudkh: I don't trust giving you control but I don't trust you'll stay in the standoff either
(58:15 / All) dbz-Chris138: I SEE IT GREEN
(58:20 / All) Drudkh: If you're going to leave, leave
(58:22 / All) Drudkh: Else this is a standoff
(58:35 / All) Drudkh: You will have those two dogs
(58:35 / All) euriko: what do you think im going to do lol
(58:41 / All) euriko: ok
(58:42 / All) Drudkh: I don't know what will you do?
(58:46 / All) Drudkh: Leave if you are going to leave.
(58:58 / All) euriko: you know what im going to do
(59:03 / All) glareof1975: pink has a racoonn and a dog
(59:06 / All) Drudkh: Shut the fuck up and make a decision I hope
(59:19 / All) dbz-Chris138: :o
(59:20 / All) euriko: dude give me the dog bitch nigger
(59:22 / All) dbz-Chris138: i go
(59:24 / All) dbz-Chris138: #
(59:32 / All) Drudkh: I can't give you control over one unit
(59:39 / All) euriko: yeah
(59:41 / All) Drudkh: Pledge to stay in the standoff and I will kill my army, then you will have 2 dogs
(59:42 / All) euriko: but
(59:48 / All) euriko: ok , i'll stay
(59:52 / All) euriko: wait
(59:55 / All) Drudkh: You promise to duke it out with pink?
(59:56 / All) euriko: lemme see how many more
(59:59 / All) euriko: blunts i have
(60:00 / All) euriko: 3
(60:00 / All) euriko: ok
(60:01 / All) euriko: jk
(60:03 / All) euriko: 3 joints
(60:04 / All) euriko: but
(60:08 / All) Drudkh: You'll stay then?
(60:09 / All) euriko: i'll stay 4 that
(60:10 / All) glareof1975: standoff complete on my side
(60:12 / All) glareof1975: pink has his dogs
(60:50 / All) dbz-Chris138: green
(60:53 / All) dbz-Chris138: one more ract
(60:55 / All) dbz-Chris138: Race?
(60:58 / All) dbz-Chris138: using pets?!
(60:59 / All) glareof1975: got a chicken
(61:14 / All) Drudkh: My side is done
(61:18 / All) Drudkh: Good luck, both of you
(61:21 / All) Drudkh: LET IT BEGIN, LET IT BEGIN!